Unix NetHack Version 5.0.0-0 post-release - last build May 31 2026 23:59:36 (970b52f25bf058293b47ddfd14a1e40e571c508c,branch:main).

Game began 2026-06-02 18:55:29, ended 2026-06-03 18:37:39.

Eymerich, chaotic male elven Priest

    ---------------
    |.............|
    |.............|
    |.............|
    |.............|                             ---------
    ---------.-----                             |.......|
          ####                                  |.....rrr
      #####  ###                                |.{..r@@|
              ###########                       |....rrr|
      #       #--------.-----           ########......r^|
 -----|---    #|............|   ##  #####       ---------
 |...<...-##  #|.............########
 |(......|    #|............|
 |(.......#####--------------
 ---------

Eymerich the Acolyte         St:14 Dx:12 Co:10 In:13 Wi:19 Ch:10  Chaotic
Dlvl:4  $:93 HP:0(41) Pw:69(88) AC:8  Xp:5 T:3211 

Latest messages:
 A sewer rat suddenly appears next to you!
 A sewer rat suddenly appears next to you!
 The wererat hits!
 #
 Are you sure you want to pray? [yn] (n)
 You begin praying to Anshar.
 You are surrounded by a shimmering light.
 The sewer rat starts to attack you, but pulls back.
 The sewer rat starts to attack you, but pulls back.
 The sewer rat starts to attack you, but pulls back.
 The sewer rat starts to attack you, but pulls back.
 The giant rat starts to attack you, but pulls back.
 The wererat summons help!
 A sewer rat suddenly appears close by!
 A giant rat suddenly appears close by!
 A sewer rat suddenly appears close by!
 A sewer rat suddenly appears close by!
 The wererat starts to attack you, but pulls back.
 The sewer rat starts to attack you, but pulls back.
 The sewer rat starts to attack you, but pulls back.
 The sewer rat starts to attack you, but pulls back.
 The sewer rat starts to attack you, but pulls back.
 The giant rat starts to attack you, but pulls back.
 The wererat starts to attack you, but pulls back.
 The sewer rat starts to attack you, but pulls back.
 The sewer rat starts to attack you, but pulls back.
 The sewer rat starts to attack you, but pulls back.
 The sewer rat starts to attack you, but pulls back.
 The giant rat starts to attack you, but pulls back.
 The wererat starts to attack you, but pulls back.
 You finish your prayer.
 You feel that Anshar is well-pleased.
 You hit the wererat!
 The sewer rat bites!
 The sewer rat bites!
 The sewer rat bites!
 The sewer rat bites!
 The giant rat bites!
 The wererat hits!
 You hit the wererat.
 The sewer rat just misses!
 The sewer rat bites!
 The sewer rat bites!
 The sewer rat misses!
 The giant rat misses!
 The wererat hits!
 You die...
 Do you want your possessions identified? [ynq] (y)
 Do you want to see your attributes? [ynq] (y)
 Do you want an account of creatures vanquished? [ynaq] (y)

Inventory:
 Coins    ('$')
  $ - 93 gold pieces
 Weapons  (')')
  P - a +0 bow (alternate weapon; not wielded)
  y - a +0 elven dagger
  j - a +0 orcish dagger (at the ready)
  a - a blessed +1 mace (weapon in right hand)
 Armor    ('[')
  k - a +0 orcish helm
  K - a +0 cloak of invisibility
  b - a +0 robe (being worn)
 Comestibles  ('%')
  e - a clove of garlic
  A - a food ration
  f - a sprig of wolfsbane
  J - a tin of spinach
  o - 2 lichen corpses
 Scrolls  ('?')
  r - 2 scrolls of confuse monster
  x - a cursed scroll of enchant armor
  Q - a scroll of fire
 Spellbooks  ('+')
  w - a spellbook of haste self
  z - a spellbook of protection
 Potions  ('!')
  n - a potion of extra healing
  m - 4 potions of healing
  d - 4 potions of holy water
 Rings    ('=')
  t - a ring of levitation
  s - a ring of sustain ability
 Tools    ('(')
  M - an empty oilskin sack
  v - a wooden harp
  h - a cursed skeleton key
 Gems/Stones  ('*')
  q - an opal named soft
  p - 2 worthless pieces of blue glass named soft
  i - a cursed worthless piece of green glass named soft

Eymerich the Priest's attributes:

Background:
 You were an Acolyte, a level 5 elven Priest.
 You were chaotic, on a mission for Anshar
 who was opposed by Anu (lawful) and Ishtar (neutral).
 You were right-handed.
 You were in the Dungeons of Doom, on level 4.
 You entered the dungeon 3211 turns ago.
 You had 187 experience points, 133 more were needed to attain level 6.

Basics:
 You had 0 out of 41 hit points.
 You had 69 out of 88 energy points (spell power).
 Your armor class was 8.
 Your wallet contained 93 zorkmids.
 Autopickup was off.

Final Characteristics:
 Your strength was 14 (limit:18).
 Your dexterity was 12 (limit:18).
 Your constitution was 10 (limit:16).
 Your intelligence was 13 (limit:20).
 Your wisdom was 19 (limit:20).
 Your charisma was 10 (limit:18).

Final Status:
 You weren't hungry.
 You were unencumbered.
 You were wielding a mace.
 You had basic skill with mace.

Final Attributes:
 You were piously aligned.
 You were sleep resistant.
 You had infravision.
 You were guarded.
 Your spell casting was enhanced by wearing a robe.
 You are dead.

Miscellaneous:
 You didn't encounter any bones levels.
 Total elapsed playing time was 1 hour and 41 minutes.

Major events:
 Turn
    1: Eymerich the chaotic elven Priest entered the dungeon
  771: attained the rank of Acolyte (level 3)
 3211: killed by a wererat

Spells:
 Name                 Level Category     Fail Retention
 healing                1   healing        0%  76%-100%
 stone to flesh         3   healing       61%  76%-100%

Skills:
 Fighting Skills
   bare handed combat [Unskilled]
 Weapon Skills
   club               [Unskilled]
   mace               [Basic]
   morning star       [Unskilled]
   flail              [Unskilled]
   hammer             [Unskilled]
   quarterstaff       [Unskilled]
   polearms           [Unskilled]
   spear              [Unskilled]
   trident            [Unskilled]
   lance              [Unskilled]
   bow                [Unskilled]
   sling              [Unskilled]
   crossbow           [Unskilled]
   dart               [Unskilled]
   shuriken           [Unskilled]
   boomerang          [Unskilled]
   unicorn horn       [Unskilled]
 Spellcasting Skills
   healing spells     [Unskilled]
   divination spells  [Unskilled]
   clerical spells    [Basic]

Voluntary challenges:
 Character rerolling was not enabled.
 You never genocided any monsters.
 You never polymorphed an object.
 You never changed form.
 You used no wishes.
Achievements:
 You attained the rank of Acolyte.
 You entered a shop.

 The Dungeons of Doom: levels 1 to 5
    Level 1: "2 x boulder"
       A sink.
    Level 2: "vault"
    Level 3: "vault, 2 x boulder"
       A general store.
    Level 4: <- You were here.
       A fountain.
       Final resting place for
          you, killed by a wererat.
    Level 5:


Vanquished creatures:
  a small mimic
  a pony
  a shrieker
  a giant ant
  a floating eye
  a kobold leader
  a giant bat
  2 iguanas
  2 acid blobs
  a gas spore
  a hobbit
  2 large kobolds
  2 giant rats
  a cave spider
  a brown mold
  2 yellow molds
  a red mold
  2 geckos
  2 jackals
  2 foxes
  2 kobolds
  2 goblins
  2 sewer rats
  a grid bug
  8 lichens
  a kobold zombie
  6 newts
50 creatures vanquished.

No species were genocided or became extinct.

Game over:
                       ----------
                      /          \
                     /    REST    \
                    /      IN      \
                   /     PEACE      \
                  /                  \
                  |     Eymerich     |
                  |      93 Au       |
                  |   killed by a    |
                  |     wererat      |
                  |                  |
                  |                  |
                  |       2026       |
                 *|     *  *  *      | *
        _________)/\\_//(\/(/\)/\//\/|_)_______

Goodbye Eymerich the Priest...

You died in The Dungeons of Doom on dungeon level 4 with 1042 points,
and 93 pieces of gold, after 3211 moves.
You were level 5 with a maximum of 41 hit points when you died.

